 Dungeon Crawl Stone Soup version 0.29.0 (webtiles) character file.

Game seed: 9326810433664889629

98 Dorkslayer the Trooper (level 4, -1/40 HPs)
             Began as a Hill Orc Fighter on Aug 31, 2022.
             Slain by a gnoll
             ... wielding a +1 vampiric whip
              (7 damage)
             ... on level 3 of the Dungeon.
             The game lasted 00:03:13 (2086 turns).

Dorkslayer the Trooper (Hill Orc Fighter)           Turns: 2086, Time: 00:03:13

Health: -1/40      AC:  7    Str: 26    XL:     4   Next: 69%
Magic:  4/4        EV: 10    Int:  8    God:
Gold:   162        SH:  4    Dex: 10    Spells: 3/3 levels left

rFire   . . .      SeeInvis .   a - +0 war axe
rCold   . . .      Faith    .   c - +0 buckler
rNeg    . . .      Spirit   .   b - +0 scale mail
rPois   .          Reflect  .   (no helmet)
rElec   .          Harm     .   (no cloak)
rCorr   .          Rampage  .   (no gloves)
Will    .....                   (no boots)
Stlth   ..........              (no amulet)
HPRegen 0.13/turn               l - +6 ring of strength
MPRegen 0.09/turn               (no ring)

@: no status effects
A: no striking features
a: no special abilities


You were on level 3 of the Dungeon.
You visited 1 branch of the dungeon, and saw 3 of its levels.

You collected 162 gold pieces.

Inventory:

Hand Weapons
 a - a +0 war axe (weapon)
Armour
 b - a +0 scale mail (worn)
 c - a +0 buckler (worn)
Jewellery
 l - a +6 ring of strength (left hand)
Scrolls
 e - 3 scrolls of identify {unknown}
 h - 2 scrolls of summoning {unknown}
 k - a scroll of noise {unknown}
 m - a scroll of vulnerability {unknown}
Potions
 d - 2 potions of might
 f - a potion of haste {unknown}
 g - a potion of heal wounds {unknown}
 i - 2 potions of flight {unknown}
 j - 2 potions of resistance {unknown}


   Skills:
 * Level 4.2 Fighting
 + Level 3.9 Axes
 + Level 4.1 Armour
 * Level 1.0 Dodging
 + Level 3.6 Shields


You had 3 spell levels left.
You didn't know any spells.
Your spell library contained the following spells:

 Spells                   Type           Power      Damage    Failure   Level
 Freeze                   Ice            0%         1d3       77%         1
 Blink                    Tloc           0%         N/A       88%         2
 Frozen Ramparts          Ice            0%         1d1       98%         3
 Hailstorm                Conj/Ice       0%         3d3       100%        4
 Manifold Assault         Tloc           0%         N/A       100%        5
 Storm Form               Tmut/Air       0%         N/A       100%        7


Dungeon Overview and Level Annotations

Branches:
Dungeon (3/15)

Altars:
Trog


Message History

You kill the orc!
You barely miss the frilled lizard.
The frilled lizard bites you but does no damage.
You hit the frilled lizard.
You kill the frilled lizard!
You see here a frilled lizard corpse.
You now have 162 gold pieces (gained 4).
You open the door.
A gnoll comes into view. It is wielding a +0 whip.
The gnoll shouts!
A gnoll comes into view. It is wielding a +0 halberd.
The gnoll moves out of view.
The gnoll shouts!
You hear a shout!
A gnoll comes into view. It is wielding a +1 vampiric whip.
There is an open door here.
A kobold comes into view. It is wielding a +0 dagger.
The gnoll shouts!
The kobold shouts!
The gnoll barely misses you. The gnoll hits you with a +0 halberd.
The kobold attacks as you move away! The kobold hits you but does no damage.
The gnoll attacks as you move away! The gnoll misses you.
You hit the kobold.
The kobold is severely wounded.
The kobold hits you with a +0 dagger. The kobold hits you but does no damage.
You hit the kobold.
You kill the kobold!
The gnoll hits you from afar with a +0 halberd.
The gnoll hits you with a +0 whip. The gnoll hits you with a +0 halberd.
Things that are here:
a +0 dagger; a kobold corpse You completely miss the gnoll.
You hit the gnoll. The gnoll hits you with a +0 whip.
The gnoll hits you with a +0 halberd.
You completely miss the gnoll. You slash the gnoll! x2
The gnoll hits you with a +0 halberd!
* * * LOW HITPOINT WARNING * * *
The gnoll hits you but does no damage.
The gnoll hits you with a +1 vampiric whip.
* * * LOW HITPOINT WARNING * * *
The gnoll draws strength from your wounds!
The gnoll hits you with a +1 vampiric whip!
You die...

. #. ##.# ##...# ####
#.....# #.. ...
....... #.# #.####
......g###.# #....#
......g@.'.# ##....#
......g#.#.###.....#.
.......#......._.....
.#...#####.#.....##
#.#. #.#..).## .. .
#.#..†.# # .
#.####.####.# #.
#...........#
#######..####.#


You could see 3 gnolls.

Vanquished Creatures
  3 adders (D:2)
  An adder zombie (D:2)
  A dart slug (D:2)
  An orc (D:3)
  4 ball pythons
  6 endoplasms
  3 giant cockroaches
  4 hobgoblins
  9 quokkas
  2 ball python skeletons (D:2)
  3 bats (D:1)
  3 frilled lizards
  7 goblins
  8 kobolds
  6 rats
  A bush (D:1)
62 creatures vanquished.

Vanquished Creatures (others)
  4 plants (D:1)
  2 withered plants (D:2)
6 creatures vanquished.

Grand Total: 68 creatures vanquished

Notes
Turn   | Place    | Note
-------+----------+-------------------------------------------
     0 | D:1      | Dorkslayer the Hill Orc Fighter began the quest for the
                  | Orb.
     0 | D:1      | Reached XP level 1. HP: 19/19 MP: 1/1
   175 | D:1      | Reached XP level 2. HP: 27/27 MP: 2/2
   692 | D:1      | Reached XP level 3. HP: 33/33 MP: 3/3
  1518 | D:2      | Reached XP level 4. HP: 30/40 MP: 4/4
  2039 | D:2      | Reached skill level 1 in Dodging
  2062 | D:3      | Found a bloodstained altar of Trog.
  2086 | D:3      | Slain by a gnoll

Illustrated notes

Levels and vault maps discovered:
D:1:      tarquinn_simple_flora_water_b, layout_loops_corners, serial_forest,
          infiniplex_forest_clump_diagonal, infiniplex_forest_straight_1,
          infiniplex_forest_clump_long, infiniplex_forest_end_2,
          infiniplex_forest_lined_corner, infiniplex_forest_clump_C
D:2:      layout_rooms, serial_undead, serial_undead_f, serial_undead_e,
          serial_undead_e, serial_undead_f, minmay_tall_x
D:3:      layout_loops_corners, amethyst_overflow_temple_binary,
          nicolae_overflow_crystal_walls, mainiacjoe_overflow_brackets,
          uniq_jessica, uniq_terence

Skill      XL: |  1  2  3  4 |
---------------+-------------+-----
Fighting       | 4 |  4.2
Axes           | 3 |  3.9
Armour         | 4 |  4.1
Dodging        | 1 |  1.0
Shields        | |  3.6

Action                   |  1- 3 |  4- 6 || total
-------------------------+-------+-------++-------
Melee: War axe           |   148 |    56 ||   204
Armor: Scale mail        |    50 |    28 ||    78
Dodge: Dodged            |    43 |    26 ||    69
Block: Buckler           |    22 |    15 ||    37
